| TOP OF THE 1ST |
|
Pawtucket Red Sox batting - Pitching for Toledo Mud Hens : RHP Roberto Benavides
|
|
Pitching: RHP Roberto Benavides
|
|
|
Batting: LHB Tim Fuller
|
0-0: Ball 1-0: Called Strike 1-1: Swinging Strike 1-2: Ball 2-2: Ball 3-2: Base on Balls
|
|
Batting: RHB Ernie Genier
|
0-0: Swinging Strike 0-1: Swinging Strike 0-2: Ball 1-2: Strikes out swinging
|
|
Batting: LHB Brian Gray
|
0-0: Swinging Strike 0-1: Ball 1-1: Ball 2-1: Foul Ball, location: 2F 2-2: Strikes out swinging
|
|
Batting: LHB Jarrett Mordecai
|
0-0: Foul Ball, location: 2F 0-1: Foul Ball, location: 2F 0-2: Ground out 4-3 (Groundball, 34, EV 89.4 MPH)
|
| Top of the 1st over - 0 runs, 0 hits, 0 errors, 1 left on base; Pawtucket 0 - Toledo 0 |
| BOTTOM OF THE 1ST |
|
Toledo Mud Hens batting - Pitching for Pawtucket Red Sox : RHP Steve Capizzi
|
|
Pitching: RHP Steve Capizzi
|
|
|
Batting: LHB Bill Ford
|
0-0: Ground out 4-3 (Groundball, 4S, EV 67.5 MPH)
|
|
Batting: SHB Adam Weber
|
0-0: Ball 1-0: Foul Ball, location: 2F 1-1: Ball 2-1: DOUBLE (Line Drive, 7LM, EV 105.0 MPH)
|
|
Batting: LHB Andy Schumacher
|
0-0: Ball 1-0: Ball 2-0: Ball 3-0: Swinging Strike 3-1: Called Strike 3-2: Strikes out swinging
|
|
Batting: LHB Frank McConnell
|
0-0: Ball 1-0: DOUBLE (Line Drive, 5D, EV 98.1 MPH) Adam Weber scores
|
|
Batting: RHB Brady Jeleniewski
|
0-0: Called Strike 0-1: Ball 1-1: Foul Ball, location: 2F 1-2: Ball Wild Pitch! Frank McConnell to third 2-2: Fly out, F9 (Flyball, 9D, EV 105.0 MPH)
|
| Bottom of the 1st over - 1 run, 2 hits, 0 errors, 1 left on base; Pawtucket 0 - Toledo 1 |
| TOP OF THE 2ND |
|
Pawtucket Red Sox batting - Pitching for Toledo Mud Hens : RHP Roberto Benavides
|
|
Batting: RHB Dan Friess
|
0-0: Called Strike 0-1: Ball 1-1: SINGLE (Line Drive, 3D, EV 110.0 MPH)
|
|
Batting: LHB John Bailey
|
0-0: Foul Ball, location: 2F 0-1: Called Strike 0-2: Foul Ball, location: 2F 0-2: Foul Ball, location: 2F 0-2: Ball Wild Pitch! Dan Friess to second 1-2: Ground out 4-3 (Groundball, 34, EV 88.1 MPH) Dan Friess to third
|
|
Batting: RHB Eric Garrett
|
0-0: Ground out 1-3 (Groundball, 34S, EV 70.0 MPH)
|
|
Batting: RHB Brandon Perris
|
0-0: Ball 1-0: Ball 2-0: Ball Wild Pitch! Dan Friess scores 3-0: Called Strike 3-1: Base on Balls
|
|
Batting: RHB Dave Nickerson
|
0-0: Ball 1-0: Ball 2-0: Ball 3-0: Base on Balls Brandon Perris to second
|
|
Batting: LHB Tim Fuller
|
0-0: Ball 1-0: Fly out, F9 (Flyball, 9LM, EV 106.9 MPH)
|
| Top of the 2nd over - 1 run, 1 hit, 0 errors, 2 left on base; Pawtucket 1 - Toledo 1 |
| BOTTOM OF THE 2ND |
|
Toledo Mud Hens batting - Pitching for Pawtucket Red Sox : RHP Steve Capizzi
|
|
Batting: LHB Jon Frederick
|
0-0: Ball 1-0: Foul Ball, location: 2F 1-1: Ball 2-1: Ball 3-1: Swinging Strike 3-2: Strikes out looking
|
|
Batting: RHB Dan Becvar
|
0-0: Ball 1-0: Called Strike 1-1: SINGLE (Groundball, 6MD, EV 101.9 MPH)
|
|
Batting: RHB Willis Morales
|
0-0: Called Strike Dan Becvar steals 2nd base 0-1: Foul Ball, location: 2F 0-2: Reached on error, E6 (Groundball, 6, EV 102.5 MPH) Dan Becvar scores
|
|
Batting: RHB Keith Hoffman
|
0-0: Ball 1-0: Ball 2-0: Ball 3-0: Called Strike 3-1: Called Strike 3-2: SINGLE (Line Drive, 8RS, EV 100.0 MPH) Willis Morales to third Runner from 3rd tries for Home, SAFE, throw by CF to home
|
|
Batting: LHB Bill Ford
|
0-0: Ball 1-0: Ball 2-0: Called Strike 2-1: Foul Ball, location: 2F 2-2: Foul Ball, location: 2F 2-2: Grounds out, U3 (Groundball, 3L, EV 102.5 MPH)
|
|
Batting: SHB Adam Weber
|
0-0: Called Strike 0-1: Ball 1-1: Foul Ball, location: 2F 1-2: Ball 2-2: Foul Ball, location: 2F 2-2: Ball 3-2: DOUBLE (Line Drive, 89D, EV 110.0 MPH) Keith Hoffman scores
|
|
Batting: LHB Andy Schumacher
|
0-0: Ball 1-0: Ball 2-0: Ball 3-0: Base on Balls
|
|
Batting: LHB Frank McConnell
|
0-0: Fly out, F8 (Line Drive, 78M, EV 90.6 MPH)
|
| Bottom of the 2nd over - 3 runs, 3 hits, 1 error, 2 left on base; Pawtucket 1 - Toledo 4 |
| TOP OF THE 3RD |
|
Pawtucket Red Sox batting - Pitching for Toledo Mud Hens : RHP Roberto Benavides
|
|
Batting: RHB Ernie Genier
|
0-0: Ball 1-0: Ball 2-0: Called Strike 2-1: Called Strike 2-2: Ground out 5-3 (Groundball, 56, EV 98.8 MPH)
|
|
Batting: LHB Brian Gray
|
0-0: Ball 1-0: Ball 2-0: Ground out 5-3 (Groundball, 56, EV 89.4 MPH)
|
|
Batting: LHB Jarrett Mordecai
|
0-0: Ground out 4-3 (Groundball, 4, EV 85.0 MPH)
|
| Top of the 3rd over - 0 runs, 0 hits, 0 errors, 0 left on base; Pawtucket 1 - Toledo 4 |
| BOTTOM OF THE 3RD |
|
Toledo Mud Hens batting - Pitching for Pawtucket Red Sox : RHP Steve Capizzi
|
|
Batting: RHB Brady Jeleniewski
|
0-0: Called Strike 0-1: Ball 1-1: Called Strike 1-2: Ball 2-2: Ball 3-2: Base on Balls
|
|
Batting: LHB Jon Frederick
|
0-0: Called Strike 0-1: Ball 1-1: Fly out, F8 (Flyball, 8LD, EV 102.5 MPH)
|
|
Batting: RHB Dan Becvar
|
0-0: Ball 1-0: Ball 2-0: Ball 3-0: Base on Balls Brady Jeleniewski to second
|
|
Batting: RHB Willis Morales
|
0-0: Ball 1-0: SINGLE (Line Drive, 4M, EV 99.4 MPH) Brady Jeleniewski to third Dan Becvar to second
|
|
Batting: RHB Keith Hoffman
|
0-0: Swinging Strike 0-1: Ball 1-1: Ball 2-1: Ball 3-1: Base on Balls Brady Jeleniewski scores Dan Becvar to third Willis Morales to second
|
|
Pitching: RHP Michael Vazquez
|
|
|
Batting: LHB Bill Ford
|
0-0: Ball 1-0: Foul Ball, location: 2F 1-1: Foul Ball, location: 2F 1-2: Ball 2-2: Foul Ball, location: 2F 2-2: Ball 3-2: Strikes out swinging
|
|
Batting: SHB Adam Weber
|
0-0: Ball 1-0: DOUBLE (Flyball, 8RD, EV 101.2 MPH) Dan Becvar scores Willis Morales scores Keith Hoffman to third Runner from 3rd tries for Home, SAFE, no throw by CF
|
|
Batting: LHB Andy Schumacher
|
0-0: Called Strike 0-1: Ball 1-1: Swinging Strike 1-2: Fly out, F9 (Line Drive, 89M, EV 105.6 MPH)
|
| Bottom of the 3rd over - 4 runs, 2 hits, 0 errors, 1 left on base; Pawtucket 1 - Toledo 8 |
| TOP OF THE 4TH |
|
Pawtucket Red Sox batting - Pitching for Toledo Mud Hens : RHP Roberto Benavides
|
|
Batting: RHB Dan Friess
|
0-0: Called Strike 0-1: Swinging Strike 0-2: Strikes out swinging
|
|
Batting: LHB John Bailey
|
0-0: Called Strike 0-1: Ball 1-1: Called Strike 1-2: Ball 2-2: Fly out, F7 (Flyball, 7, EV 83.8 MPH)
|
|
Batting: RHB Eric Garrett
|
0-0: Called Strike 0-1: Ball 1-1: Called Strike 1-2: Ball 2-2: Strikes out looking
|
| Top of the 4th over - 0 runs, 0 hits, 0 errors, 0 left on base; Pawtucket 1 - Toledo 8 |
| BOTTOM OF THE 4TH |
|
Toledo Mud Hens batting - Pitching for Pawtucket Red Sox : RHP Michael Vazquez
|
|
Batting: LHB Frank McConnell
|
0-0: Foul Ball, location: 2F 0-1: Fly out, F9 (Line Drive, 89M, EV 90.0 MPH)
|
|
Batting: RHB Brady Jeleniewski
|
0-0: Ball 1-0: Ball 2-0: Called Strike 2-1: Swinging Strike 2-2: Strikes out swinging
|
|
Batting: LHB Jon Frederick
|
0-0: Foul Ball, location: 2F 0-1: Called Strike 0-2: Ball 1-2: Foul Ball, location: 2F 1-2: Strikes out swinging
|
| Bottom of the 4th over - 0 runs, 0 hits, 0 errors, 0 left on base; Pawtucket 1 - Toledo 8 |
| TOP OF THE 5TH |
|
Pawtucket Red Sox batting - Pitching for Toledo Mud Hens : RHP Roberto Benavides
|
|
Batting: RHB Brandon Perris
|
0-0: Ball 1-0: Foul Ball, location: 2F 1-1: Ball 2-1: Called Strike 2-2: Foul Ball, location: 2F 2-2: Ball 3-2: Foul Ball, location: 2F 3-2: Strikes out swinging
|
|
Batting: RHB Dave Nickerson
|
0-0: Ball 1-0: Ball 2-0: Swinging Strike 2-1: Ball 3-1: Base on Balls
|
|
Batting: LHB Tim Fuller
|
0-0: Ball 1-0: Called Strike 1-1: Fielders Choice at 2nd, 1-4 (Groundball, 15S, EV 73.8 MPH)
|
|
Batting: RHB Ernie Genier
|
0-0: Ball 1-0: Ball 2-0: Called Strike 2-1: Foul Ball, location: 2F 2-2: Foul Ball, location: 2F 2-2: Strikes out swinging
|
| Top of the 5th over - 0 runs, 0 hits, 0 errors, 1 left on base; Pawtucket 1 - Toledo 8 |
| BOTTOM OF THE 5TH |
|
Toledo Mud Hens batting - Pitching for Pawtucket Red Sox : RHP Michael Vazquez
|
|
Batting: RHB Dan Becvar
|
0-0: Swinging Strike 0-1: Ground out 6-3 (Groundball, 6S, EV 91.9 MPH)
|
|
Batting: RHB Willis Morales
|
0-0: Foul Ball, location: 2F 0-1: Called Strike 0-2: Foul Ball, location: 2F 0-2: Ball 1-2: DOUBLE (Groundball, 5L, EV 102.5 MPH)
|
|
Batting: RHB Keith Hoffman
|
0-0: Swinging Strike 0-1: Ground out U3 (Groundball, 3, EV 80.6 MPH) Willis Morales to third
|
|
Batting: LHB Bill Ford
|
0-0: Swinging Strike 0-1: Foul Ball, location: 2F 0-2: Ball 1-2: Strikes out swinging
|
| Bottom of the 5th over - 0 runs, 1 hit, 0 errors, 1 left on base; Pawtucket 1 - Toledo 8 |
| TOP OF THE 6TH |
|
Pawtucket Red Sox batting - Pitching for Toledo Mud Hens : RHP Roberto Benavides
|
|
Batting: LHB Brian Gray
|
0-0: Ball 1-0: Called Strike 1-1: Ball 2-1: Ball 3-1: Base on Balls
|
|
Batting: LHB Jarrett Mordecai
|
0-0: Called Strike 0-1: Ball 1-1: Ball 2-1: Fielders Choice at 2nd, 1-6 (Groundball, 13, EV 71.9 MPH)
|
|
Batting: RHB Dan Friess
|
0-0: Ball 1-0: Called Strike 1-1: Ball 2-1: SINGLE (Groundball, 4D, EV 98.8 MPH) Jarrett Mordecai to second
|
|
Pitching: RHP Tim Bemish
|
|
|
Batting: LHB John Bailey
|
0-0: Ball 1-0: Ball 2-0: Foul Ball, location: 2F 2-1: Swinging Strike 2-2: Strikes out swinging
|
|
Batting: RHB Eric Garrett
|
0-0: 3-RUN HOME RUN (Flyball, 9D, EV 95.6 MPH), Distance : 362 ft
|
|
Batting: RHB Brandon Perris
|
0-0: Foul Ball, location: 2F 0-1: Ball 1-1: Fly out, F3 (Popup, 3F, EV 59.4 MPH)
|
| Top of the 6th over - 3 runs, 2 hits, 0 errors, 0 left on base; Pawtucket 4 - Toledo 8 |
| BOTTOM OF THE 6TH |
|
Toledo Mud Hens batting - Pitching for Pawtucket Red Sox : RHP Michael Vazquez
|
|
Batting: SHB Adam Weber
|
0-0: Ball 1-0: Ball 2-0: Called Strike 2-1: Swinging Strike 2-2: Strikes out looking
|
|
Batting: LHB Andy Schumacher
|
0-0: Called Strike 0-1: Ball 1-1: Ball 2-1: Called Strike 2-2: Strikes out swinging
|
|
Batting: LHB Frank McConnell
|
0-0: Called Strike 0-1: Swinging Strike 0-2: Strikes out swinging
|
| Bottom of the 6th over - 0 runs, 0 hits, 0 errors, 0 left on base; Pawtucket 4 - Toledo 8 |
| TOP OF THE 7TH |
|
Pawtucket Red Sox batting - Pitching for Toledo Mud Hens : RHP Tim Bemish
|
|
Batting: RHB Dave Nickerson
|
0-0: SOLO HOME RUN (Flyball, 8RXD, EV 102.5 MPH), Distance : 406 ft
|
|
Batting: LHB Tim Fuller
|
0-0: Ball 1-0: Foul Ball, location: 2F 1-1: Ball 2-1: Ball 3-1: Base on Balls
|
|
Batting: RHB Ernie Genier
|
0-0: Ground out 6-3 (Groundball, P, EV 86.9 MPH) Tim Fuller to second
|
|
Batting: LHB Brian Gray
|
0-0: Ball 1-0: SINGLE (Groundball, 5S, EV 65.6 MPH) (infield hit) Tim Fuller to third
|
|
Batting: LHB Jarrett Mordecai
|
0-0: Ball 1-0: DOUBLE (Flyball, 78XD, EV 105.0 MPH) Tim Fuller scores Brian Gray to third Runner from 3rd tries for Home, SAFE, throw by CF to home
|
|
Pitching: RHP Eric Putnam
|
|
|
Batting: RHB Dan Friess
|
0-0: Called Strike 0-1: Fly out, F8 (Flyball, 8LD, EV 98.1 MPH)
|
|
Batting: LHB John Bailey
|
0-0: Fly out, F8 (Flyball, 8LM, EV 92.5 MPH)
|
| Top of the 7th over - 3 runs, 3 hits, 0 errors, 1 left on base; Pawtucket 7 - Toledo 8 |
| BOTTOM OF THE 7TH |
|
Toledo Mud Hens batting - Pitching for Pawtucket Red Sox : RHP Michael Vazquez
|
|
Pitching: RHP Billy Fitzgerald
|
|
|
Batting: RHB Brady Jeleniewski
|
0-0: Foul Ball, location: 2F 0-1: Foul Ball, location: 2F 0-2: Strikes out looking
|
|
Batting: LHB Jon Frederick
|
0-0: Ground out U3 (Groundball, 3, EV 86.2 MPH)
|
|
Batting: RHB Dan Becvar
|
0-0: Swinging Strike 0-1: Foul Ball, location: 2F 0-2: Strikes out looking
|
| Bottom of the 7th over - 0 runs, 0 hits, 0 errors, 0 left on base; Pawtucket 7 - Toledo 8 |
| TOP OF THE 8TH |
|
Pawtucket Red Sox batting - Pitching for Toledo Mud Hens : RHP Eric Putnam
|
|
Batting: RHB Eric Garrett
|
0-0: Called Strike 0-1: Foul Ball, location: 2F 0-2: Foul Ball, location: 2F 0-2: Ball 1-2: Fly out, F8 (Flyball, 8LD, EV 103.8 MPH)
|
|
Batting: RHB Brandon Perris
|
0-0: Called Strike 0-1: Swinging Strike 0-2: Ball 1-2: Ball 2-2: Strikes out looking
|
|
Batting: RHB Dave Nickerson
|
0-0: Fly out, F6 (Line Drive, 6M, EV 70.6 MPH)
|
| Top of the 8th over - 0 runs, 0 hits, 0 errors, 0 left on base; Pawtucket 7 - Toledo 8 |
| BOTTOM OF THE 8TH |
|
Toledo Mud Hens batting - Pitching for Pawtucket Red Sox : RHP Billy Fitzgerald
|
|
Batting: RHB Willis Morales
|
0-0: Ball 1-0: Ground out 4-3 (Groundball, 4S, EV 81.9 MPH)
|
|
Batting: RHB Keith Hoffman
|
0-0: Ground out 4-3 (Groundball, 4M, EV 105.6 MPH)
|
|
Batting: LHB Bill Ford
|
0-0: Called Strike 0-1: Foul Ball, location: 2F 0-2: Strikes out swinging
|
| Bottom of the 8th over - 0 runs, 0 hits, 0 errors, 0 left on base; Pawtucket 7 - Toledo 8 |
| TOP OF THE 9TH |
|
Pawtucket Red Sox batting - Pitching for Toledo Mud Hens : RHP Eric Putnam
|
|
Pitching: RHP Josh Wollaston
|
|
|
Batting: LHB Tim Fuller
|
0-0: Ball 1-0: Called Strike 1-1: SINGLE (Line Drive, 8LS, EV 104.4 MPH)
|
|
Batting: RHB Ernie Genier
|
0-0: Called Strike 0-1: Ball 1-1: Swinging Strike 1-2: Strikes out looking
|
|
Batting: LHB Brian Gray
|
0-0: Called Strike 0-1: Foul Ball, location: 2F 0-2: Foul Ball, location: 2F 0-2: Ball 1-2: Strikes out swinging
|
|
Batting: LHB Jarrett Mordecai
|
0-0: Called Strike 0-1: Ball 1-1: Called Strike 1-2: Ball Wild Pitch! Tim Fuller to second 2-2: Ball 3-2: Foul Ball, location: 2F 3-2: Base on Balls
|
|
Batting: RHB Dan Friess
|
0-0: Ball 1-0: Called Strike 1-1: Swinging Strike 1-2: Ball 2-2: Ball 3-2: Strikes out looking
|
| Top of the 9th over - 0 runs, 1 hit, 0 errors, 2 left on base; Pawtucket 7 - Toledo 8 |
|